[Event "*** Titled Tuesday Blitz"]
[Site "Chess.com"]
[Date "2021.03.30"]
[Round "7"]
[White "Mrlammy"]
[Black "MerryPoppies"]
[Result "0-1"]
[WhiteElo "2294"]
[BlackElo "2220"]
[TimeControl "180+1"]
[EndTime "11:17:39 PDT"]
[Termination "MerryPoppies won by checkmate"]

1. e4 c6 2. d4 d5 3. e5 Bf5 4. Nd2 e6 5. Nb3 Nd7 6. Nf3 a6 7. Bd3 Bxd3 8. Qxd3 c5 9. dxc5 Nxc5 10. Nxc5 Bxc5 11. O-O Ne7 12. c3 Ng6 13. Re1 O-O 14.
Bg5 Be7 15. h4 h6 16. Bxe7 Nxe7 17. g3 Rc8 18. Nd4 Nc6 19. Nxc6 Rxc6 20. Rad1 Qb6 21. Re2 Rfc8 22. a3 Qb3 23. Rdd2 b5 24. Qd4 Qc4 25. Qe3 a5 26. Rd4 Qc5 27. Qf3 Qe7 28. Rg4 Rc4 29. Rxc4 Rxc4 30. Qe3 b4 31. cxb4 axb4 32. a4 Qc7 33. Qd2 b3 34. Re3 Rc2 35. Qd4 Qc4 36.
Qb6 Rc1+ 37. Kg2 Qf1+ 38. Kf3 Qh1+ 39. Kf4 Rc4+ 40. Re4 Rxe4# 0-1

[Event "*** Titled Tuesday Blitz"]
[Site "Chess.com"]
[Date "2021.03.30"]
[Round "7"]
[White "DonBroca"]
[Black "niki_2003"]
[Result "0-1"]
[WhiteElo "2227"]
[BlackElo "2043"]
[TimeControl "180+1"]
[EndTime "11:17:39 PDT"]
[Termination "niki_2003 won on time"]

1. e4 c6 2. d4 d5 3. Nc3 dxe4 4.
Nxe4 Bf5 5. Ng3 Bg6 6. h4 h6 7. Nf3 Nf6 8. h5 Bh7 9. Bd3 Bxd3 10. Qxd3 e6 11. Ne5 Nbd7 12. Bf4 Be7 13. O-O-O O-O 14.
Kb1 Nd5 15. Bd2 Nxe5 16. dxe5 Qc7 17. Qe2 Rad8 18. c4 Nb6 19. Bc3 Na4 20. Bd4 c5 21. b3 cxd4 22. bxa4 Ba3 23. Ka1 Qa5 24. Qc2 Qb4 25. Rd3 Rc8 26. Rb1 Qc5 27. Qb3 Qxe5 28. Qxa3 Rxc4 29. Qb3 Rc3 30. Rxc3 dxc3 31. Rc1 Rc8 32.
Qc2 Rc4 33. f3 Qxg3 34. Qd3 Qe5 35. Rc2 Rd4 0-1

[Event "*** Titled Tuesday Blitz"]
[Site "Chess.com"]
[Date "2021.03.30"]
[Round "7"]
[White "Aradhya2000"]
[Black "GianmarcoVaR"]
[Result "1/2-1/2"]
[WhiteElo "2584"]
[BlackElo "2751"]
[TimeControl "180+1"]
[EndTime "11:17:40 PDT"]
[Termination "Game drawn by repetition"]

1. d4 Nf6 2. c4 e6 3. Nf3 d5 4. Nc3 a6 5. cxd5 exd5 6. Bg5 Be6 7. Qb3 Nbd7 8. e3 Be7 9. Bd3 O-O 10. O-O c5 11. dxc5 Nxc5 12. Qc2 h6 13. Bh4 Rc8 14. Rfd1 Qb6 15. Nd4 Nce4 16. Bxe4 dxe4 17. Bxf6 Bxf6 18. Qxe4 Qxb2 19. Nxe6 Rfe8 20. Nd5 Rxe6 21. Nxf6+ Qxf6 22. Qxb7 Rc2 23. Qf3 Qxf3 24. gxf3 Rg6+ 25. Kf1 Rb6 26. Rdc1 Rxc1+ 27. Rxc1 Rb2 28. a4 Rb4 29. a5 Rb5 30. Ra1 g5 31. Ra4 Kg7 32. Kg2 Kg6 33. Kg3 Rf5 34.
e4 Rb5 35. f4 Rb3+ 36. f3 gxf4+ 37. Kxf4 Rb5 38. h4 f6 39. Kg4 Rc5 40. f4 h5+ 41.
Kf3 Rc3+ 42. Kf2 Rh3 43. Rc4 Rxh4 44. Kg3 Rg4+ 45. Kf3 Rg1 46. Rc6 h4 47. Kf2 Rg4 48.
Kf3 Rg3+ 49. Kf2 Rg4 50. Kf3 Rg3+ 51. Kf2 Rg4 1/2-1/2

[Event "*** Titled Tuesday Blitz"]
[Site "Chess.com"]
[Date "2021.03.30"]
[Round "7"]
[White "KroshkaKami"]
[Black "sorrm8thatscheckm8"]
[Result "0-1"]
[WhiteElo "2445"]
[BlackElo "2622"]
[TimeControl "180+1"]
[EndTime "11:17:40 PDT"]
[Termination "sorrm8thatscheckm8 won on time"]

1. e4 c5 2. Nf3 Nc6 3. Nc3 Nf6 4. d4 cxd4 5. Nxd4 e5 6. Ndb5 d6 7.
Bg5 a6 8. Na3 b5 9. Nd5 Be7 10.
Bxf6 Bxf6 11. c3 Bg5 12. Nc2 Rb8 13. a4 bxa4 14. Ncb4 Nxb4 15. Nxb4 Bd7 16. Bxa6 Qa5 17. Qxd6 Rb6 18. Qc7 Rxa6 19. Nxa6 Qxa6 20. Qxe5+ Be7 21. Qxg7 Bf6 22. Qg3 Qb5 23. Qf3 Ke7 24. Qe2 Rd8 25.
Qxb5 Bxb5 26. Rd1 Rb8 27. Rd5 Bc6 28. Rd2 Bb5 29. f3 Bc4 30. Kf2 Bg5 31. Rd4 Rxb2+ 32. Kg3 Bb3 33. f4 a3 34. fxg5 a2 35. Ra1 Rb1 36.
Rxa2 Bxa2 37. h4 Rc1 38. Rd3 Bc4 39. Re3 Be6 40. Kf4 Rg1 41. Ke5 Rxg2 42. Rf3 Rh2 43. Rf4 Rc2 44. h5 Rh2 0-1

[Event "*** Titled Tuesday Blitz"]
[Site "Chess.com"]
[Date "2021.03.30"]
[Round "7"]
[White "Redzishchess"]
[Black "Lyschko"]
[Result "0-1"]
[WhiteElo "2354"]
[BlackElo "2253"]
[TimeControl "180+1"]
[EndTime "11:17:40 PDT"]
[Termination "Lyschko won by resignation"]

1. e4 Nf6 2. Nc3 d6 3. d4 e5 4. Nf3 Nbd7 5. Bc4 Be7 6. Rg1 c6 7. a4 O-O 8. Ba2 exd4 9. Nxd4 Ne5 10. Bf4 Ng6 11. Bg3 d5 12. exd5 Nxd5 13. Nxd5 cxd5 14.
Qh5 Bb4+ 15. c3 Re8+ 16. Ne2 Bf8 17. O-O-O Be6 18. Rge1 Qa5 19. Bb1 Qxa4 20. Rd4 Qc6 21.
Rh4 h6 22. Bxg6 fxg6 23. Qxg6 Bf7 24. Qxc6 bxc6 25. Kd2 a5 26. Nd4 c5 27. Rxe8 Rxe8 28. Nc6 Ra8 29. Ra4 Be8 0-1

[Event "*** Titled Tuesday Blitz"]
[Site "Chess.com"]
[Date "2021.03.30"]
[Round "7"]
[White "TeukkaSalama"]
[Black "morte-negra"]
[Result "0-1"]
[WhiteElo "2322"]
[BlackElo "1923"]
[TimeControl "180+1"]
[EndTime "11:17:41 PDT"]
[Termination "morte-negra won on time"]

1. e4 c5 2. Nf3 d6 3. d4 cxd4 4. Nxd4 Nf6 5. Nc3 a6 6. f3 e6 7. Be3 b5 8. Qd2 Bb7 9. g4 Be7 10. g5 Nfd7 11. h4 Nb6 12. O-O-O N8d7 13. Kb1 Ne5 14.
Bf4 Nec4 15. Bxc4 Nxc4 16. Qe2 e5 17. Nf5 exf4 18. Nxg7+ Kf8 19. Nf5 Qb6 20. h5 Ne3 21. g6 fxg6 22. hxg6 Nxf5 23. exf5 Qe3 24. Qg2 Bf6 25.
Rxd6 Be5 26. Rd7 Bxf3 0-1

[Event "*** Titled Tuesday Blitz"]
[Site "Chess.com"]
[Date "2021.03.30"]
[Round "7"]
[White "swisspower96"]
[Black "swimmerchess"]
[Result "0-1"]
[WhiteElo "2599"]
[BlackElo "2831"]
[TimeControl "180+1"]
[EndTime "11:17:42 PDT"]
[Termination "swimmerchess won by resignation"]

1. d4 Nf6 2. c4 g6 3. Nc3 Bg7 4. e4 O-O 5. h3 d6 6. Be3 e5 7. d5 Na6 8. g4 Nc5 9. f3 h5 10. Nge2 Nh7 11. Qd2 a5 12. O-O-O h4 13. Kb1 Bf6 14. Bxc5 dxc5 15. d6 Be6 16. Nb5 cxd6 17.
Nec3 Ra6 18. Nxd6 Bg5 19. Qd3 a4 20. Ndb5 Qa5 21. Nd5 Bd7 22. Ndc7 Rd8 23. Nxa6 Bxb5 24. Nxc5 Rxd3 25. Nxd3 Bxc4 26. Be2 Be3 27. Rh2 Bd4 28. Nc1 Be6 29. Bd3 Ng5 30. Be2 Qb6 31. Nd3 a3 32. b3 Bxb3 0-1

[Event "*** Titled Tuesday Blitz"]
[Site "Chess.com"]
[Date "2021.03.30"]
[Round "7"]
[White "Msb2"]
[Black "Rud_Makarian"]
[Result "1-0"]
[WhiteElo "2919"]
[BlackElo "2796"]
[TimeControl "180+1"]
[EndTime "11:17:43 PDT"]
[Termination "Msb2 won by checkmate"]

1. d4 Nf6 2. Nf3 e6 3. e3 b6 4. Bd3 Bb7 5. O-O Be7 6. c4 O-O 7. Nc3 d5 8. cxd5 exd5 9. b3 Nbd7 10. Bb2 Ne4 11. Qc2 f5 12. Ne5 Nxe5 13. dxe5 Nxc3 14. Bxc3 Qd7 15. b4 c5 16. bxc5 bxc5 17. Rab1 Rab8 18. Rfd1 g6 19. Bc4 Bc6 20. Bb3 Qe6 21. Qe2 Rb6 22.
Ba5 Rb7 23. Qa6 Rfb8 24. Rbc1 Kf7 25. h3 c4 26. Rxc4 Bb5 27. Qxe6+ Kxe6 28. Rc7 Bc4 29. Rxc4 dxc4 30. Bxc4+ Kxe5 31. Bc3+ Ke4 32. Bd5# 1-0

[Event "*** Titled Tuesday Blitz"]
[Site "Chess.com"]
[Date "2021.03.30"]
[Round "7"]
[White "Yurovskykh_Oleksandr"]
[Black "nikitakhoroshev"]
[Result "1/2-1/2"]
[WhiteElo "2546"]
[BlackElo "2667"]
[TimeControl "180+1"]
[EndTime "11:17:43 PDT"]
[Termination "Game drawn by repetition"]

1. d4 Nf6 2. Nf3 g6 3. Nbd2 d5 4. e3 c5 5. dxc5 Nc6 6. a3 a5 7.
b3 Bg7 8. Bb2 O-O 9. Bb5 Nd7 10.
Bxg7 Kxg7 11. b4 e5 12. c3 Qc7 13. e4 Nf6 14. exd5 Nxd5 15. Qb3 Nf4 16. g3 Ng2+ 17.
Kf1 Bh3 18. Kg1 h6 19. Bf1 e4 20. Bxg2 Bxg2 21. Kxg2 exf3+ 22. Nxf3 Rae8 23. Rhe1 Qd7 24. Rad1 Qg4 25. h3 Qf5 26. Qd5 Qc2 27. Qd3 Qb3 28. b5 Na7 29. Rxe8 Rxe8 30. c4 Qa2 31. Qc3+ Kg8 32.
Rd7 Nc8 33. Rxb7 Ne7 34. Qf6 Qe2 35. Qe5 Nf5 36. Qxe2 Rxe2 37. c6 Ne3+ 38. Kg1 Re1+ 39. Kh2 Re2 40. c7 Rxf2+ 41. Kh1 Rxf3 42. c8=Q+ Kg7 43.
Qc6 Rf1+ 44. Kh2 Rf2+ 45. Kh1 Rf1+ 46. Kh2 Rf2+ 47. Kg1 Rf1+ 48. Kh2 1/2-1/2

[Event "*** Titled Tuesday Blitz"]
[Site "Chess.com"]
[Date "2021.03.30"]
[Round "7"]
[White "HrvojeZagreb"]
[Black "VD_coach"]
[Result "0-1"]
[WhiteElo "2234"]
[BlackElo "2487"]
[TimeControl "180+1"]
[EndTime "11:17:44 PDT"]
[Termination "VD_coach won by resignation"]

1. d4 Nf6 2. Bf4 g6 3. Nc3 d5 4. e3 Bg7 5. h4 h5 6. Nf3 O-O 7. Qd2 c5 8. O-O-O Nc6 9. dxc5 Qa5 10. Kb1 Be6 11. Nd4 Qxc5 12. Nxe6 fxe6 13. Bd3 e5 14.
Bg5 e4 15. Be2 e6 16. g4 Nxg4 17. Bxg4 hxg4 18. h5 Rf5 19. Bf4 gxh5 20. Ne2 Qb5 21. c3 Raf8 22. Nd4 Nxd4 23. cxd4 a5 24. Rh2 Kh7 25.
Rdh1 Kg6 26. Qc2 Qd3 27. Qxd3 exd3 28. Rd1 Bxd4 29. Rxd3 Be5 30. Bxe5 Rxe5 31. Rd2 Ref5 32.
Kc2 Kg5 33. Kd3 h4 34. Kd4 b5 35. Kc5 d4+ 36. Kxd4 Rd5+ 37. Kc3 Rc8+ 0-1

[Event "*** Titled Tuesday Blitz"]
[Site "Chess.com"]
[Date "2021.03.30"]
[Round "7"]
[White "Trickster_Pony"]
[Black "Kapibara_Warri0r"]
[Result "0-1"]
[WhiteElo "1519"]
[BlackElo "2236"]
[TimeControl "180+1"]
[EndTime "11:17:45 PDT"]
[Termination "Kapibara_Warri0r won on time"]

1. c4 e5 2. g3 Nf6 3. Bg2 d5 4. cxd5 Nxd5 5. Nc3 Nb6 6. Nf3 Nc6 7. O-O Be7 8. d3 O-O 9. a3 Re8 10. b4 Bf8 11.
Bb2 Nd4 12. Nxd4 exd4 13. Nb5 g6 14. Nxd4 Bg7 15. e3 c6 16. Qb3 Nd5 17. Ne2 Be6 18. Qc2 Bxb2 19. Qxb2 Qd7 20. Nd4 Bh3 21. Rfc1 Rad8 22.
Rab1 Bxg2 23. Kxg2 Nxe3+ 24. fxe3 Rxe3 25. Nb3 Rde8 26. Rc2 Qxd3 27. Nc1 Qe4+ 28. Kh3 Qf5+ 29. Kg2 Qf3+ 30. Kh3 Qf1+ 31. Rg2 Qf5+ 0-1

[Event "*** Titled Tuesday Blitz"]
[Site "Chess.com"]
[Date "2021.03.30"]
[Round "7"]
[White "Beca95"]
[Black "steka121"]
[Result "1-0"]
[WhiteElo "2894"]
[BlackElo "2413"]
[TimeControl "180+1"]
[EndTime "11:17:46 PDT"]
[Termination "Beca95 won on time"]

1. d4 Nf6 2. Bg5 b5 3. e3 Bb7 4. Nf3 a6 5. Nbd2 e6 6. c3 Be7 7. Bd3 c5 8. a3 Nc6 9. Qe2 Nd5 10. Bxe7 Qxe7 11. Ne4 cxd4 12. cxd4 d6 13. Rc1 O-O 14. O-O Rfc8 15. Nc3 Na5 16. Nxd5 Bxd5 17. e4 Bc4 18. Nd2 Bxd3 19. Qxd3 Qb7 20. d5 exd5 21. exd5 Rxc1 22. Rxc1 Rc8 23. Rc3 h6 24. h3 Nc4 25. Nxc4 bxc4 26.
Qf5 Rc5 27. Re3 Rc8 28. Kh2 g6 29. Qg4 Rf8 30. Qd4 Qb5 31. h4 h5 32. g4 hxg4 33. h5 Qd7 34. Kg3 Qf5 35. Qxg4 1-0

[Event "*** Titled Tuesday Blitz"]
[Site "Chess.com"]
[Date "2021.03.30"]
[Round "7"]
[White "Lion-Al-Messi"]
[Black "GelmanAlexander"]
[Result "0-1"]
[WhiteElo "2490"]
[BlackElo "2647"]
[TimeControl "180+1"]
[EndTime "11:17:46 PDT"]
[Termination "GelmanAlexander won by resignation"]

1. e4 c5 2. Nf3 e6 3. d4 cxd4 4. Nxd4 a6 5. Bd3 d6 6. c4 Nf6 7. Nc3 Bd7 8. O-O Nc6 9. Be3 Be7 10. Qe2 O-O 11. f4 Re8 12. Rad1 Qc7 13. Nb3 Rac8 14. Qd2 Na5 15. Nxa5 Qxa5 16. Nd5 Qd8 17. Bb6 exd5 18.
Bxd8 Bxd8 19. exd5 Bb6+ 20. Kh1 Ng4 21. Qb4 Nf2+ 22. Rxf2 Bxf2 23. Qxd6 Bg4 24. Be2 Rxe2 25. b4 Rce8 26. h3 Bg3 27. Rg1 Re1 28. Qb6 Bc8 29.
d6 Rxg1+ 30. Qxg1 Re1 31. Qxe1 Bxe1 0-1

[Event "*** Titled Tuesday Blitz"]
[Site "Chess.com"]
[Date "2021.03.30"]
[Round "7"]
[White "northridgehawk"]
[Black "jamalm2"]
[Result "1-0"]
[WhiteElo "2309"]
[BlackElo "1971"]
[TimeControl "180+1"]
[EndTime "11:17:46 PDT"]
[Termination "northridgehawk won by resignation"]

1. e4 c5 2. Nf3 d6 3. g3 Nf6 4. d3 a6 5. a4 e5 6. Bg2 Bg4 7. Nbd2 Qd7 8. h3 Bh5 9. O-O Be7 10. c3 Nc6 11. Nc4 Qd8 12. a5 O-O 13.
g4 Bg6 14. Nb6 Rb8 15. Qa4 Nd7 16. Nd5 Nf6 17. Nxe7+ Qxe7 18. Bg5 h6 19. Bh4 Qe6 20. Nd2 Nd7 21. Nc4 f6 22. Ne3 Bf7 23. Ra3 Qe8 24. Nc4 Bxc4 25. Qxc4+ Qf7 26. Qa4 g5 27. Bg3 Qe6 28.
Rd1 Ne7 29. Bf1 Kg7 30. Rb3 Ng6 31. d4 exd4 32. cxd4 Qxe4 33. Qxd7+ Rf7 34. Qxd6 Re8 35. dxc5 Ne5 36. Bg2 Qc2 37. Rc3 Qxb2 38. Bd5 Rd7 39.
Rb3 Qc2 40. Rdb1 Rxd6 41. cxd6 Rd8 42. Rxb7+ Kh8 43. Rb8 Rxb8 44. Rxb8+ Kh7 45. Bxe5 fxe5 46. d7 Qd1+ 47. Kh2 Qxd5 48. d8=Q Qxd8 49. Rxd8 Kg6 50. Rd6+ Kf7 51. Rxa6 1-0

[Event "*** Titled Tuesday Blitz"]
[Site "Chess.com"]
[Date "2021.03.30"]
[Round "7"]
[White "Bacyanide"]
[Black "Cryptochess"]
[Result "1-0"]
[WhiteElo "2435"]
[BlackElo "2561"]
[TimeControl "180+1"]
[EndTime "11:17:47 PDT"]
[Termination "Bacyanide won by resignation"]

1. d4 Nf6 2. Nf3 d5 3. Bf4 Bg4 4. e3 Nbd7 5. c4 e6 6. Nc3 c6 7. Qb3 Qb6 8. c5 Qxb3 9. axb3 Nh5 10. b4 Nxf4 11. exf4 Bxf3 12. gxf3 Be7 13. b5 Bf6 14. bxc6 bxc6 15. Ra4 Ke7 16. Kd2 Rhb8 17. Kc2 a5 18.
Bd3 Rb7 19. Rha1 Rab8 20. R1a2 Rb4 21. Ne2 h5 22. Rxa5 Bxd4 23. Nxd4 Rxd4 24. Ra7 Rxf4 25. Rc7 Rxf3 26. Raa7 Rxf2+ 27. Kc3 Rd8 28. Rxc6 Kf6 29. Rd6 Ke7 30. Bb5 Rf3+ 31. Kc2 Rf2+ 32. Kb1 g5 33. Rdxd7+ Rxd7 34. Rxd7+ Kf6 35. c6 Rxh2 36. c7 Rh1+ 1-0

[Event "*** Titled Tuesday Blitz"]
[Site "Chess.com"]
[Date "2021.03.30"]
[Round "7"]
[White "Rytenko_V"]
[Black "tusplingher"]
[Result "0-1"]
[WhiteElo "2392"]
[BlackElo "2299"]
[TimeControl "180+1"]
[EndTime "11:17:48 PDT"]
[Termination "tusplingher won on time"]

1. d4 Nf6 2. c4 c5 3. Nf3 cxd4 4. Nxd4 e5 5. Nf3 Nc6 6. Nc3 Bc5 7. e3 O-O 8. Be2 d6 9. O-O Bg4 10. a3 Rc8 11. b4 Bb6 12. Bb2 Ne7 13. h3 Bxf3 14.
Bxf3 Rxc4 15. Bxb7 Qc7 16. Bf3 Rxc3 17. Bxc3 Qxc3 18. Rc1 Qxa3 19. Qxd6 Ng6 20. Rfd1 Qb3 21. Be2 Qe6 22. Qxe6 fxe6 23. Bc4 Ne4 24. Bxe6+ Kh8 25. Rc2 Nxf2 26. Rf1 Bxe3 27. Rfxf2 Rxf2 28. Rxf2 Nf4 29. Bc4 g6 30. Kf1 Bxf2 31. Kxf2 Kg7 32. Kf3 Kf6 33.
Bf1 Nd5 34. b5 Ke6 35. Ke4 Nc3+ 36. Ke3 Kd5 37. g4 e4 38. h4 Ke5 39. Bc4 Nd5+ 40. Kf2 Nb6 0-1

[Event "*** Titled Tuesday Blitz"]
[Site "Chess.com"]
[Date "2021.03.30"]
[Round "7"]
[White "Fraler15"]
[Black "oogee"]
[Result "0-1"]
[WhiteElo "2243"]
[BlackElo "2379"]
[TimeControl "180+1"]
[EndTime "11:17:51 PDT"]
[Termination "oogee won on time"]

1. e4 c5 2. Nf3 d6 3. d4 cxd4 4.
Nxd4 Nf6 5. Nc3 g6 6. Be3 Bg7 7. f3 Nc6 8. Qd2 O-O 9. g4 Nxd4 10. Bxd4 Be6 11. h4 Qa5 12. h5 Rfc8 13. hxg6 fxg6 14.
g5 Nh5 15. Bxg7 Nxg7 16. O-O-O Bxa2 17. Nxa2 Qxa2 18. Qd4 Qa1+ 19. Kd2 Qa5+ 20. Kc1 Qxg5+ 21. Kb1 Qc5 22. Qd2 a5 23. Bh3 Rc6 24. f4 a4 25. f5 a3 26. fxg6 hxg6 27. b3 e6 28. Rdf1 Qe5 29. c3 Rxc3 30. Qf2 Rxb3+ 31. Ka2 Rb2+ 0-1

[Event "*** Titled Tuesday Blitz"]
[Site "Chess.com"]
[Date "2021.03.30"]
[Round "7"]
[White "gatocorbis"]
[Black "chessprincesa1"]
[Result "0-1"]
[WhiteElo "2091"]
[BlackElo "2244"]
[TimeControl "180+1"]
[EndTime "11:17:51 PDT"]
[Termination "chessprincesa1 won on time"]

1. e4 e5 2. Nf3 Nc6 3. d4 exd4 4.
Nxd4 Nf6 5. Nxc6 bxc6 6. e5 Nd5 7. c4 Nb6 8. Nc3 Bb4 9. Bd3 Qe7 10. O-O O-O 11.
Qh5 g6 12. Qh6 Qxe5 13. Bf4 Qg7 14. Qh4 Qd4 15. Qg3 d6 16. Rad1 Qg7 17. Ne4 d5 18. Ng5 dxc4 19. Be4 Nd5 20. Bc1 Bd6 21. Qf3 h6 22.
Nh3 Be6 23. a3 f5 24. Bxd5 Bxd5 25. Rxd5 cxd5 26. Qxd5+ Kh7 27. Qxc4 Rae8 28. Nf4 Re4 29. Qc2 Bxf4 0-1

[Event "*** Titled Tuesday Blitz"]
[Site "Chess.com"]
[Date "2021.03.30"]
[Round "7"]
[White "OparinGrigoriy"]
[Black "GMKrikor"]
[Result "1-0"]
[WhiteElo "2995"]
[BlackElo "2842"]
[TimeControl "180+1"]
[EndTime "11:17:52 PDT"]
[Termination "OparinGrigoriy won by resignation"]

1. d4 Nf6 2. Nf3 g6 3. c4 Bg7 4. g3 d5 5. Bg2 dxc4 6. O-O O-O 7. Na3 c3 8. bxc3 c5 9. e3 Nc6 10. Bb2 Qb6 11. Qe2 Be6 12. c4 Bf5 13. d5 Nb4 14. Rfd1 a6 15. Ne5 Rad8 16. e4 Bc8 17. Rab1 e6 18.
Nd3 exd5 19. cxd5 Bg4 20. Bf3 Bxf3 21. Qxf3 Rfe8 22. Nc4 Qb5 23. Bxf6 Qxc4 24. Bxd8 Rxd8 25. Nxb4 cxb4 26. d6 b5 27. d7 Bc3 28. Qf4 a5 29. Qg5 f6 30. Qe3 Qc6 31. Qd3 Kf7 32. a3 Ke6 33.
axb4 axb4 34. Kf1 Rxd7 35. Qxd7+ Qxd7 36. Rxd7 Kxd7 37. Ke2 Kd6 38. Kd3 Kc5 39. Rd1 Be5 40.
f4 Bc3 41. Kc2 Kc4 42. Rd7 b3+ 43. Kb1 Bd4 44. Rxh7 Kd3 45. Re7 b4 46. h4 Ke3 47.
f5 gxf5 48. exf5+ Kf3 49. h5 1-0

[Event "*** Titled Tuesday Blitz"]
[Site "Chess.com"]
[Date "2021.03.30"]
[Round "7"]
[White "KaterynaLagno"]
[Black "Mikhail_Golubev"]
[Result "1/2-1/2"]
[WhiteElo "2685"]
[BlackElo "2553"]
[TimeControl "180+1"]
[EndTime "11:17:52 PDT"]
[Termination "Game drawn by agreement"]

1. e4 c5 2. Nf3 d6 3. Bb5+ Nd7 4.
Ba4 a6 5. c3 Nf6 6. Bc2 Ne5 7.
d4 Nxf3+ 8. Qxf3 cxd4 9. cxd4 e5 10. dxe5 dxe5 11. O-O Be7 12. Qg3 O-O 13. Qxe5 Bd6 14.
Qg5 Bxh2+ 15. Kxh2 Qc7+ 16. Bf4 Qxc2 17. Nc3 Nxe4 18. Nxe4 Qxe4 19. Rfe1 Qf5 20. Qg3 Qg4 21. Re7 Qxg3+ 22. Kxg3 b5 23. a4 Be6 24. axb5 axb5 25. Rxa8 Rxa8 26. Rb7 Bc4 27. Rb8+ Rxb8 28. Bxb8 f6 29. Bd6 Kf7 30. b4 h5 31. Bc5 g5 32.
Kh2 Ke6 33. Bd4 f5 34. Bc5 f4 35. Bb6 Kf5 36. Bd8 h4 37. Be7 Bd5 38. Bd8 f3 39. gxf3 Bxf3 40. Be7 Bd5 41. Bd8 1/2-1/2

[Event "*** Titled Tuesday Blitz"]
[Site "Chess.com"]
[Date "2021.03.30"]
[Round "7"]
[White "davigator"]
[Black "Trankuilizer"]
[Result "0-1"]
[WhiteElo "2427"]
[BlackElo "2587"]
[TimeControl "180+1"]
[EndTime "11:17:52 PDT"]
[Termination "Trankuilizer won by resignation"]

1. e4 c5 2. Nf3 d6 3. d4 cxd4 4.
Nxd4 Nf6 5. Nc3 a6 6. Bg5 e6 7. f4 Be7 8. Qf3 Qc7 9. O-O-O Nc6 10. Nxc6 Qxc6 11. Bd3 Bd7 12. h3 Rc8 13. g4 Qb6 14. Ne2 Qa5 15. Kb1 Rc5 16. e5 Bc6 17. Qf1 dxe5 18.
fxe5 Rxe5 19. Bf4 Rd5 20. Rg1 Rd8 21. g5 Nd5 22. Bd2 Bb4 23. Bc1 Qb6 24. c4 Ne3 25. Qf2 Bc5 26. Qf4 Nxd1 27. Rxd1 Bd6 28. Qh4 Be5 29.
Kc2 Qa5 30. Kb1 g6 31. Qh6 Rxd3 32. Rxd3 Be4 33. Kc2 Qd8 34. Nf4 Bxf4 35. Bxf4 Qxd3+ 0-1

[Event "*** Titled Tuesday Blitz"]
[Site "Chess.com"]
[Date "2021.03.30"]
[Round "7"]
[White "BursaBBSatranc"]
[Black "exoticprincess"]
[Result "0-1"]
[WhiteElo "2612"]
[BlackElo "2849"]
[TimeControl "180+1"]
[EndTime "11:17:53 PDT"]
[Termination "exoticprincess won on time"]

1. d4 Nf6 2. Nf3 g6 3. Bf4 Bg7 4. e3 O-O 5. Be2 b6 6. O-O Bb7 7. h3 d6 8. c3 Nbd7 9. a4 a6 10. Nbd2 Re8 11. Nc4 Ne4 12. Nfd2 e5 13. dxe5 dxe5 14.
Bh2 Nxd2 15. Qxd2 Nc5 16. Rfd1 Qg5 17. Bg3 Nb3 18. Qd7 Re7 19. Qd3 Nxa1 20. Rxa1 h5 21.
h4 Qf5 22. Qxf5 gxf5 23. Bxh5 Rd8 24. Kf1 a5 25. Be2 Ba6 26. f3 f4 27. Bf2 e4 28. h5 exf3 29. gxf3 Bxc4 30. Bxc4 Rd2 31. e4 Rxb2 32. Rd1 Bxc3 33. Rd8+ Kg7 34. Bh4 Re5 35. h6+ Kh7 36. Bf6 Rh5 37. Rh8+ Kg6 0-1

[Event "*** Titled Tuesday Blitz"]
[Site "Chess.com"]
[Date "2021.03.30"]
[Round "7"]
[White "annamaja"]
[Black "beto-betun"]
[Result "1-0"]
[WhiteElo "2355"]
[BlackElo "2219"]
[TimeControl "180+1"]
[EndTime "11:17:53 PDT"]
[Termination "annamaja won by resignation"]

1. e4 c5 2. Nf3 d6 3. d4 cxd4 4. Nxd4 Nf6 5. Nc3 a6 6. Be3 e5 7. Nb3 Be6 8. Qd2 Be7 9. O-O-O O-O 10. Kb1 b5 11. Bd3 Nbd7 12. f4 exf4 13. Bxf4 Ne5 14.
h3 Rc8 15. g4 b4 16. Ne2 Qb6 17.
Be3 Qc7 18. Nf4 a5 19. Nd4 Bc4 20. g5 Nfd7 21. Nh5 a4 22. Nf5 Nc5 23. Bxc4 Nxc4 24. Qd4 f6 25. Qxc4+ Kh8 26. Nhxg7 b3 27. axb3 axb3 28.
cxb3 Rb8 29. Bxc5 dxc5 30. Ne6 Qe5 31. Nxe7 Rb4 32. Nc6 Qxe4+ 33. Qxe4 Rxe4 34. Nxf8 1-0

[Event "*** Titled Tuesday Blitz"]
[Site "Chess.com"]
[Date "2021.03.30"]
[Round "7"]
[White "Savagelittlemole"]
[Black "Kale36"]
[Result "0-1"]
[WhiteElo "2517"]
[BlackElo "2408"]
[TimeControl "180+1"]
[EndTime "11:17:54 PDT"]
[Termination "Kale36 won by checkmate"]

1. e4 Nc6 2. Nf3 d6 3. d4 Bg4 4. Be2 e5 5. c3 Nf6 6. d5 Ne7 7. Nbd2 g6 8. O-O Bg7 9. c4 a5 10. Re1 O-O 11. Qc2 Nh5 12. Nf1 b6 13. h3 Bd7 14. N3h2 Nf4 15. Bxf4 exf4 16. Qd2 Be5 17. Nf3 f6 18. Rab1 g5 19. N1h2 Qe8 20. Nxe5 fxe5 21. Bg4 h5 22. Bxd7 Qxd7 23. Qe2 Qe8 24. f3 Kh8 25. b3 Ng8 26. a3 Nf6 27. b4 axb4 28.
axb4 Rg8 29. Kf2 Qg6 30. Rec1 Ra3 31. c5 g4 32. hxg4 hxg4 33. Nxg4 Nxg4+ 34. fxg4 Re3 35. Rh1+ Kg7 36. Qd1 Qxe4 37. cxd6 Rg3 38. Rh2 Qe3+ 39. Kf1 f3 40. gxf3 Rg1# 0-1

[Event "*** Titled Tuesday Blitz"]
[Site "Chess.com"]
[Date "2021.03.30"]
[Round "7"]
[White "MartinHollan"]
[Black "DanielTitichoca"]
[Result "1-0"]
[WhiteElo "2449"]
[BlackElo "2281"]
[TimeControl "180+1"]
[EndTime "11:17:54 PDT"]
[Termination "MartinHollan won on time"]

1. d4 Nf6 2. Nf3 b6 3. c4 Bb7 4. Nc3 e6 5. Bf4 Bb4 6. e3 Bxc3+ 7. bxc3 O-O 8. Nd2 d6 9. Bd3 Nbd7 10. Qc2 e5 11. Bg5 h6 12. Bh4 Qe8 13. Rg1 c5 14. d5 g5 15. Bg3 Nh5 16. Bf5 Bc8 17. Ne4 Qe7 18. h4 gxh4 19. Bh2 Ng7 20. g4 Kh8 21.
O-O-O Nf6 22. Bxc8 Raxc8 23. g5 hxg5 24. Nxg5 Qd7 25.
Ne4 Nxe4 26. Qxe4 Qf5 27. Qxf5 Nxf5 28. Rg5 Ne7 29. Rdg1 Ng6 30. f4 exf4 31. exf4 Rfe8 32. f5 Nf8 33. Rg8+ Kh7 34. R1g7+ Kh6 35. Bf4+ Kh5 36.
Rh8+ 1-0

[Event "*** Titled Tuesday Blitz"]
[Site "Chess.com"]
[Date "2021.03.30"]
[Round "7"]
[White "canary2016"]
[Black "TosicSrecko"]
[Result "0-1"]
[WhiteElo "2028"]
[BlackElo "2314"]
[TimeControl "180+1"]
[EndTime "11:17:54 PDT"]
[Termination "TosicSrecko won by checkmate"]

1. d4 e6 2. c4 c5 3. d5 exd5 4.
cxd5 d6 5. Nf3 g6 6. Nc3 a6 7. a4 Bg7 8. g3 Nd7 9. Bg2 Ne7 10. O-O O-O 11. Bf4 Nf6 12. e4 h6 13. Qd2 g5 14. Be3 Ng6 15. e5 Ng4 16. exd6 Nxe3 17. Qxe3 Qxd6 18. Rfd1 f5 19. Rac1 Bd7 20. b3 Rfe8 21. Qd3 Rab8 22. Nd2 b5 23. axb5 axb5 24. Re1 Ne5 25. Qc2 Rbc8 26. Nf3 Nxf3+ 27. Bxf3 c4 28. bxc4 Rxe1+ 29. Rxe1 Rxc4 30. Re3 b4 31. Qa2 Rxc3 32. Qa8+ Kh7 33. Rxc3 bxc3 34. Bh5 c2 35. Bf7 c1=Q+ 36. Kg2 Qf8 37. Qa3 Qfxa3 38. Bg8+ Kxg8 39. d6 Bc6+ 40. Kh3 Qf1# 0-1

[Event "*** Titled Tuesday Blitz"]
[Site "Chess.com"]
[Date "2021.03.30"]
[Round "7"]
[White "Murad_Ibrahimli"]
[Black "tsaruk_maks"]
[Result "1-0"]
[WhiteElo "2809"]
[BlackElo "2616"]
[TimeControl "180+1"]
[EndTime "11:17:56 PDT"]
[Termination "Murad_Ibrahimli won by checkmate"]

1. Nf3 Nf6 2. g3 b6 3. Bg2 Bb7 4. O-O g6 5. c4 Bg7 6. Nc3 O-O 7. d4 Ne4 8. Bd2 Nxd2 9. Qxd2 d6 10. b4 c5 11. bxc5 dxc5 12. d5 e6 13. e4 Ba6 14.
Qd3 Nc6 15. Rac1 Nb4 16. Qe2 exd5 17. Nxd5 Nxd5 18. exd5 Qxd5 19. Nh4 Qd8 20. Bxa8 Qxa8 21. Rfe1 Bb7 22. Rcd1 Qc8 23. Qe7 Qc6 24. Rd5 Bd4 25. Ng2 b5 26. Nf4 bxc4 27. h4 c3 28. h5 c2 29. h6 Bf6 30. Qxc5 Bb2 31. Qxf8+ Kxf8 32. Rd8+ Qe8 33. Rdxe8# 1-0